 Dungeon Crawl Stone Soup version 0.21.0-26-g889b8f6872 (webtiles) character file.

161 Dickchan the Vexing (level 5, -4/35 HPs)
             Began as a Vampire Enchanter on Jan 28, 2018.
             Engulfed by an orc wizard's steam (6 damage)
             ... on level 3 of the Dungeon.
             The game lasted 00:05:53 (3001 turns).

Dickchan the Vexing (Vampire Enchanter)             Turns: 3001, Time: 00:05:54

Health: -4/35      AC:  2    Str:  7    XL:     5   Next: 18%
Magic:  2/8        EV: 12    Int: 19    God:
Gold:   92         SH:  0    Dex: 14    Spells: 5/8 levels left

rFire    . . .     SeeInvis +   a - +1 dagger
rCold    + . .     Gourm    .   (no shield)
rNeg     + + .     Faith    .   b - +0 robe
rPois    +         Spirit   .   (no helmet)
rElec    .         Reflect  .   (no cloak)
rCorr    .         Harm     .   (no gloves)
MR       .....                  (no boots)
Stlth    ++++......             (no amulet)
HPRegen  0.05/turn              (no ring)
MPRegen  0.11/turn              (no ring)

@: regenerating slowly
A: fangs 3, see invisible, unbreathing
a: Bat Form


You were on level 3 of the Dungeon.
You were thirsty.

You visited 1 branch of the dungeon, and saw 3 of its levels.

You collected 92 gold pieces.

Inventory:

Hand Weapons
 a - a +1 dagger (weapon)
 g - a cursed -3 dagger
Armour
 b - a +0 robe (worn)
Jewellery
 k - an uncursed ring of ice {unknown}
Scrolls
 f - 4 scrolls of identify {unknown}
 l - a scroll of fear {unknown}
 m - a scroll of enchant armour {unknown}
 n - 3 scrolls of amnesia {unknown}
 o - a scroll of noise {unknown}
 p - a scroll of remove curse {unknown}
Potions
 d - a potion of blood
 e - 4 potions of curing {unknown}
 h - 5 potions of heal wounds {unknown}
 i - a potion of agility {unknown}
 j - a potion of degeneration {unknown}
 q - a potion of magic {unknown}
Books
 c - a book of Maledictions

   Spells                             Type                      Level
   a - Corona                         Hexes                        1
   b - Ensorcelled Hibernation        Hexes/Ice                    2
   c - Confuse                        Hexes                        3
   d - Tukima's Dance                 Hexes                        3
   e - Dazzling Spray                 Conjuration/Hexes            3


   Skills:
 + Level 4.0 Short Blades
 - Level 2.1 Dodging
 - Level 4.4 Stealth
 - Level 2.0 Spellcasting
 + Level 6.8 Hexes


You had 5 spell levels left.
You knew the following spells:

 Your Spells              Type           Power        Failure   Level  Hunger
a - Ensorcelled Hibernat  Hex/Ice        ##....       6%          2    ###....
b - Corona                Hex            ####...      1%          1    #......


Dungeon Overview and Level Annotations

Branches:
Dungeon (3/15)

Altars:
Gozag
Okawaru
Sif Muna
Trog
Wu Jian
Zin


Innate Abilities, Weirdness & Mutations

You heal slowly.
You have razor-sharp teeth.
You have supernaturally acute eyesight. (SInv)
You can survive without breathing.


Message History

Confirm with . or Enter, or press ? or * to list all spells.
Aiming: Ensorcelled Hibernation
Press: ? - help, Shift-Dir - straight line, f/p - orc wizard
Aim: an orc wizard, wielding a dagger and wearing a robe (steam, fast, chance to defeat MR: 45%)
The orc wizard resists with some effort.
You are engulfed in a cloud of scalding steam.
* * * LOW HITPOINT WARNING * * *
The orc wizard is engulfed in a cloud of scalding steam.
The orc wizard hits you with a dagger.
* * * LOW HITPOINT WARNING * * *
The orc wizard is engulfed in a cloud of scalding steam. x2
The orc wizard hits you but does no damage.
Casting: Ensorcelled Hibernation
Confirm with . or Enter, or press ? or * to list all spells.
Aiming: Ensorcelled Hibernation
Press: ? - help, Shift-Dir - straight line, f/p - orc wizard
Aim: an orc wizard, wielding a dagger and wearing a robe (moderately wounded, fast, chance to defeat MR: 45%)
The orc wizard looks drowsy...
You are engulfed in a cloud of scalding steam.
You die...

####
######..######
#@§..#8..#...#
#o≈.§'._...#.#
#o§.§#8..###.#####
######..## #......
#### #######


You could see 2 orc wizards.

Vanquished Creatures
  An orc priest (D:3)
  Terence (D:3)
  3 adders
  An ooze (D:1)
  2 worms (D:2)
  A dart slug (D:1)
  2 leopard geckos
  3 orcs (D:3)
  5 bats
  2 giant cockroaches (D:2)
  7 goblins
  6 hobgoblins
  9 jackals
  7 kobolds
  2 quokkas (D:2)
  4 frilled lizards
  4 rats
60 creatures vanquished.

Notes
Turn   | Place    | Note
-------+----------+-------------------------------------------
     0 | D:1      | Dickchan the Vampire Enchanter began the quest for the Orb.
     0 | D:1      | Reached XP level 1. HP: 13/13 MP: 3/3
    98 | D:1      | Reached XP level 2. HP: 19/19 MP: 5/5
   112 | D:1      | Learned a level 2 spell: Ensorcelled Hibernation
   178 | D:1      | Reached skill level 5 in Hexes
   971 | D:1      | Reached XP level 3. HP: 21/24 MP: 3/6
  1211 | D:2      | Found an iron altar of Okawaru.
  1504 | D:2      | Found a bloodstained altar of Trog.
  1691 | D:2      | Found a glowing silver altar of Zin.
  1703 | D:2      | Found an opulent altar of Gozag.
  2145 | D:2      | Reached XP level 4. HP: 25/30 MP: 2/7
  2148 | D:2      | Reached skill level 6 in Hexes
  2340 | D:2      | Found an ornate altar of the Wu Jian Council.
  2716 | D:3      | Noticed Terence
  2721 | D:3      | Killed Terence
  2721 | D:3      | Reached XP level 5. HP: 35/35 MP: 5/8
  2807 | D:3      | Found a deep blue altar of Sif Muna.
  3001 | D:3      | Engulfed by an orc wizard's steam

Skill      XL: |  1  2  3  4 |
---------------+-------------+-----
Hexes          | 5 6 |  6.8
Short Blades   | 2 3 4 |  4.0
Dodging        | |  2.1
Stealth        | |  4.4
Spellcasting   | |  2.0

Action                   |  1- 3 |  4- 6 || total
-------------------------+-------+-------++-------
Melee: Dagger            |   167 |    58 ||   225
       Bite              |     7 |     2 ||     9
 Cast: Ensorcelled Hiber |    21 |    14 ||    35
 Abil: End Transformatio |     1 |     1 ||     2
       Bat Form          |     1 |     1 ||     2
 Stab: Sleeping          |    19 |    11 ||    30
  Eat: Corpse            |     4 |     3 ||     7
Armor: Robe              |    21 |     6 ||    27
Dodge: Dodged            |   108 |    27 ||   135
